 Dungeon Crawl Stone Soup version 0.27-a0-366-g8badd94918 (webtiles) character file.

Game seed: 7977750448572424770

10945 snetch the Cleaver (level 11, 0/148 HPs)
             Began as a Minotaur Berserker on Feb 16, 2021.
             Was a High Priest of Trog.
             Slain by a tengu warrior
             ... wielding the +2 mace "Horale" {flame, rElec Will- Int+2}
              (2 damage)
             ... on level 7 of the Dungeon.
             The game lasted 00:36:24 (11409 turns).

snetch the Cleaver (Minotaur Berserker)            Turns: 11409, Time: 00:36:25

Health: 0/148      AC: 15    Str: 30    XL:     11   Next: 42%
Magic:  10/10      EV:  9    Int: 10    God:    Trog [*****.]
Gold:   900        SH:  0    Dex:  7    Spells: 10/10 levels left

rFire    . . .     SeeInvis .   a - +5 battleaxe of Circularity {flame, +Fly rPois Will- Dex-4}
rCold    . . .     Faith    .   (shield currently unavailable)
rNeg     . . .     Spirit   .   X - +0 plate armour
rPois    +         Reflect  .   (helmet restricted)
rElec    .         Harm     .   W - scarf {+Inv}
rCorr    .         Rampage  .   y - +0 pair of gloves
Will     .....                  (no boots)
Stlth    ..........             j - amulet of regeneration
HPRegen  1.34/turn              H - +6 ring of intelligence
MPRegen  0.12/turn              Q - +6 ring of strength

@: berserking (expiring), very quick
A: retaliatory headbutt, horns 2
a: Renounce Religion, Evoke Invisibility, Evoke Flight, Berserk, Trog's Hand,
Brothers in Arms


You were on level 7 of the Dungeon.
You worshipped Trog.
Trog was extremely pleased with you.
You visited 2 branches of the dungeon, and saw 12 of its levels.
You also visited: Ossuary.

You collected 900 gold pieces.

Inventory:

Hand Weapons
 a - the +5 battleaxe of Circularity (weapon) {flame, +Fly rPois Will- Dex-4}
   (Trog gifted it to you on level 11 of the Dungeon)

   It has been specially enchanted to burn those struck by it, causing extra
   injury to most foes and up to half again as much damage against particularly
   susceptible opponents.
   Big, fiery blades are also staple armaments of hydra-hunters.
   It affects your dexterity (-4).
   It protects you from poison.
   It affects your willpower, your defense against some magical effects.
   It lets you fly.
 b - a +6 demon trident
 c - a +2 vorpal hunting sling
 d - a +3 war axe of freezing
 e - the +8 rapier "Taebi Quam" {drain, *Rage rC+ Stlth+}
   (You found it on level 4 of the Dungeon)

   A truly terrible weapon, it drains the life of those it strikes.
   It protects you from cold.
   It may make you go berserk in combat.
   It makes you more stealthy.
 B - a +1 flail of venom
 J - a +3 flail
Missiles
 h - 8 atropa-tipped darts
 i - 10 sling bullets
 k - 93 bolts
 p - 322 stones
 t - 9 boomerangs
 u - 179 arrows
 x - 46 poisoned darts (quivered)
 E - 4 boomerangs of dispersal
 N - 2 silver boomerangs
 V - a curare-tipped dart
 Z - 6 silver javelins
Armour
 y - a +0 pair of gloves (worn)
 W - a scarf of invisibility (worn)
 X - a +0 plate armour (worn)
Jewellery
 j - an amulet of regeneration (around neck)
 G - a ring of ice
 H - a +6 ring of intelligence (left hand)
 K - a ring of positive energy
 Q - a +6 ring of strength (right hand)
Wands
 w - a wand of charming (8)
 T - a wand of polymorph (11)
 U - a wand of random effects (12)
Scrolls
 o - a scroll of teleportation
 q - 2 scrolls of blinking {unknown}
 r - a scroll of vulnerability
 s - a scroll of fog
 D - 2 scrolls of enchant armour {unknown}
 F - 4 scrolls of immolation {unknown}
 I - a scroll of acquirement
 M - a scroll of brand weapon {unknown}
 R - a scroll of magic mapping {unknown}
 Y - 2 scrolls of amnesia {unknown}
Potions
 f - 7 potions of curing {unknown}
 l - 2 potions of flight {unknown}
 m - 5 potions of attraction {unknown}
 n - 3 potions of mutation {unknown}
 v - a potion of might {unknown}
 z - 2 potions of ambrosia
 A - 2 potions of heal wounds
 O - 4 potions of lignification {unknown}
 P - a potion of resistance
 S - 2 potions of haste {unknown}


   Skills:
 + Level 10.0 Fighting
 - Level 6.9 Short Blades
 + Level 12.6(12.8) Axes
 + Level 3.2(9.0) Polearms
 + Level 0.6(1.2) Slings
 + Level 1.4(1.5) Throwing
 + Level 9.2 Armour
 + Level 5.8 Dodging
 + Level 3.4 Stealth
 - Level 3.3 Shields
 + Level 1.0 Evocations


You had 10 spell levels left.
You didn't know any spells.
Your spell library was empty.

Dungeon Overview and Level Annotations

Branches:
Dungeon (11/15)            Temple (1/1) D:4            Lair (0/6) D:8
Ossuary (visited)
    Orc: D:9-12

Altars:
Ashenzari
Cheibriados
Dithmenos
Elyvilon
Fedhas
Gozag
Hepliaklqana
Kikubaaqudgha
Makhleb
Nemelex Xobeh
Okawaru
Qazlal
Ru
Sif Muna
Trog
Uskayaw
Vehumet
Wu Jian
Xom
Yredelemnul
Zin
The Shining One

Annotations:
D:7 1 transporter, tinescath's ghost, novice TeAE


Innate Abilities, Weirdness & Mutations

You reflexively headbutt those who attack you in melee.
You have a pair of horns on your head.


Message History

The tengu warrior burns you.
* * * LOW HITPOINT WARNING * * *
The tengu warrior pecks you but does no damage.
The tengu warrior claws you but does no damage.
Press: ? - help, v - describe, . - travel
Here: a tengu warrior, wielding the +2 mace "Horale" {flame, rElec Will- Int+2}, wearing a +2 leather armour and wearing a +1 kite shield (heavily wounded, berserk)
The floor, spattered with blood.
The tengu warrior blocks your attack.
Your headbutt misses the tengu warrior.
The tengu warrior is heavily wounded.
The tengu warrior hits you with the +2 mace "Horale" {flame, rElec Will- Int+2}!
* * * LOW HITPOINT WARNING * * *
The tengu warrior burns you.
* * * LOW HITPOINT WARNING * * *
The tengu warrior pecks you but does no damage.
The tengu warrior claws you.
* * * LOW HITPOINT WARNING * * *
The tengu warrior blocks your attack.
The tengu warrior is heavily wounded.
The tengu warrior hits you with the +2 mace "Horale" {flame, rElec Will- Int+2}.
* * * LOW HITPOINT WARNING * * *
The tengu warrior burns you.
* * * LOW HITPOINT WARNING * * *
The tengu warrior pecks you but does no damage.
The tengu warrior claws you.
* * * LOW HITPOINT WARNING * * *
The tengu warrior blocks your attack.
The tengu warrior is heavily wounded.
The tengu warrior hits you with the +2 mace "Horale" {flame, rElec Will- Int+2}.
* * * LOW HITPOINT WARNING * * *
The tengu warrior burns you.
* * * LOW HITPOINT WARNING * * *
The tengu warrior pecks you but does no damage.
The tengu warrior claws you but does no damage.
The kobold brigand shouts!
You slice the tengu warrior!! You burn the tengu warrior!
The tengu warrior is almost dead.
The tengu warrior hits you with the +2 mace "Horale" {flame, rElec Will- Int+2}.
* * * LOW HITPOINT WARNING * * *
The tengu warrior burns you.
You die...

#...........#...## #...#
####.##........### #.###
#.#...#####...## #.#
###...###...###..# #.#
#....###......##.#### #.#
###....#..###....#....#######.#
......##..#≈#....##.#(........#
###...#K..#$......#..##########
.....©#W...._.#Q@©#©..#####
...#..#y..#$..≈##)#.......#
...##.####§#K######.#####.#
#.###..# ###..#.##..# #.# #.#
#..###......##.## #.# #.#
#...###...###..# #.#
#.###.#...#####...#######.#
......###.......##........#
#.################.########


You could see a tengu warrior (berserk) and a kobold brigand.

Vanquished Creatures
  A two-headed ogre (D:9)
  Urug (D:10)
  3 unseen horrors
  An ugly thing (D:9)
  A cyclops (D:11)
  A moth of wrath (D:7)
  Maurice (D:8)
  A kobold demonologist (D:8)
  2 komodo dragons (D:8)
  2 trolls
  A wyvern (D:8)
  A basilisk (D:8)
  A wraith (D:11)
  Menkaure (D:7)
  An acid dragon (D:8)
  6 orc warriors
  4 sky beasts
  5 ogres
  4 centaurs
  5 kobold brigands
  A gnoll sergeant (D:9)
  2 bullfrogs
  2 scorpions
  7 wights
  7 howler monkeys
  An electric eel (D:9)
  A quasit (D:6)
  2 centaur zombies
  2 bullfrog zombies
  2 centaur skeletons
  4 hounds
  5 orc priests
  A bullfrog skeleton (D:6)
  A gnoll shaman (D:9)
  Jessica (D:2)
  6 worker ants
  4 iguanas
  10 orc wizards
  A hound zombie (D:6)
  A hound skeleton (D:9)
  2 mummies (Ossuary)
  A howler monkey zombie (D:4)
  A worker ant zombie (D:9)
  19 adders
  4 gnolls
  2 shadow imps
  A white imp (D:3)
  3 ufetubi
  An ooze (D:2)
  An adder zombie (D:6)
  2 adder skeletons
  2 worms
  2 dart slugs (D:1)
  6 leopard geckos
  30 orcs
  12 bats
  2 giant cockroaches (D:3)
  3 gnoll zombies (Ossuary)
  5 goblins
  7 hobgoblins
  3 jackals
  5 quokkas
  3 ball pythons
  3 frilled lizards (D:3)
  3 goblin zombies (Ossuary)
  3 hobgoblin zombies (Ossuary)
  14 kobolds
  A leopard gecko skeleton (D:5)
  A leopard gecko zombie (D:5)
  4 orc zombies (Ossuary)
  2 quokka skeletons
  5 rats
257 creatures vanquished.

Vanquished Creatures (collateral kills)
  Pikel (D:6)
  An orc warrior (D:6)
  2 lemures (D:6)
  A hound (D:6)
  An orc priest (D:6)
  2 orc wizards (D:6)
  A leopard gecko (D:6)
  3 orcs (D:6)
12 creatures vanquished.

Vanquished Creatures (others)
  30 plants (D:9)
30 creatures vanquished.

Grand Total: 299 creatures vanquished

Notes
Turn   | Place    | Note
-------+----------+-------------------------------------------
     0 | D:1      | snetch the Minotaur Berserker began the quest for the Orb.
     0 | D:1      | Reached XP level 1. HP: 19/19 MP: 0/0
   112 | D:1      | Reached XP level 2. HP: 27/27 MP: 1/1
   201 | D:1      | Reached skill level 4 in Axes
   410 | D:2      | Reached XP level 3. HP: 28/33 MP: 2/2
   447 | D:3      | Reached ** piety under Trog
   631 | D:2      | Reached XP level 4. HP: 23/41 MP: 3/3
  1128 | D:2      | Noticed Jessica
  1132 | D:2      | Killed Jessica
  1133 | D:2      | Reached skill level 5 in Fighting
  1133 | D:2      | Reached skill level 5 in Axes
  1449 | D:2      | Reached XP level 5. HP: 48/48 MP: 4/4
  1543 | D:2      | Found a burning altar of Makhleb.
  1688 | D:3      | Noticed an orc warrior
  1703 | D:3      | Killed an orc warrior
  1704 | D:3      | Reached XP level 6. HP: 47/57 MP: 5/5
  1935 | D:3      | Found an ornate altar of the Wu Jian Council.
  2074 | D:3      | Reached *** piety under Trog
  2075 | D:3      | Reached skill level 6 in Axes
  2273 | D:3      | Found a faded altar of an unknown god.
  2705 | D:4      | Got a polished rapier
  2708 | D:4      | Identified the +8 rapier "Taebi Quam" {drain, *Rage rC+
                  | Stlth+} (You found it on level 4 of the Dungeon)
  2785 | D:5      | Entered Level 5 of the Dungeon
  2791 | D:5      | Reached skill level 7 in Axes
  2791 | D:5      | Reached XP level 7. HP: 58/62 MP: 6/6
  2888 | D:5      | Reached skill level 1 in Short Blades
  2950 | D:5      | Found a sand-covered staircase.
  2957 | Ossuary  | Entered an ossuary
  3055 | Ossuary  | Reached skill level 1 in Shields
  3211 | D:5      | Reached **** piety under Trog
  3687 | D:4      | Found a staircase to the Ecumenical Temple.
  3694 | D:4      | Reached skill level 1 in Stealth
  3736 | Temple   | Entered the Ecumenical Temple
  4137 | D:5      | Reached XP level 8. HP: 70/70 MP: 7/7
  4294 | D:4      | Found a hazy altar of Hepliaklqana.
  4294 | D:4      | Found a bloodstained altar of Trog.
  4751 | D:6      | Reached skill level 5 in Short Blades
  5198 | D:6      | Noticed Pikel
  5215 | D:6      | Killed Pikel
  5216 | D:6      | Reached XP level 9. HP: 57/79 MP: 8/8
  5444 | D:6      | Reached skill level 5 in Dodging
  5560 | D:6      | Found a shadowy altar of Dithmenos.
  5651 | D:6      | Found a stormy altar of Qazlal.
  5797 | D:6      | Reached skill level 5 in Armour
  6233 | D:7      | Identified the +2 mace "Horale" {flame, rElec Will- Int+2}
  6233 | D:7      | Noticed a tengu warrior
  6236 | D:7      | Noticed a moth of wrath
  6243 | D:7      | Found a bloodstained altar of Trog.
  6243 | D:7      | Identified the +0 whip of Calamity {vorpal, rElec rN+}
  6258 | D:7      | Noticed tinescath's ghost (novice TeAE)
  6274 | D:7      | Reached skill level 8 in Axes
  6299 | D:7      | Found a transporter.
  6302 | D:7      | Found a transporter.
  6432 | D:7      | Found an ancient bone altar of Kikubaaqudgha.
  6445 | D:7      | Found a shimmering altar of Xom.
  6445 | D:7      | Found a bloodstained altar of Trog.
  6472 | D:7      | Found a shimmering altar of Xom.
  6472 | D:7      | Found a shadowy altar of Dithmenos.
  6472 | D:7      | Found a glowing silver altar of Zin.
  6552 | D:7      | Noticed Menkaure
  6561 | D:7      | Killed Menkaure
  6990 | D:8      | Noticed a kobold demonologist
  6999 | D:8      | Noticed an ice devil
  7468 | D:8      | Reached skill level 9 in Axes
  7614 | D:8      | Found a sacrificial altar of Ru.
  7770 | D:8      | Noticed an ice devil
  7773 | D:8      | Killed a kobold demonologist
  7882 | D:8      | Found an ancient bone altar of Kikubaaqudgha.
  7941 | D:8      | Noticed Maurice
  7951 | D:8      | Killed Maurice
  8024 | D:8      | Reached skill level 10 in Axes
  8024 | D:8      | Reached XP level 10. HP: 89/89 MP: 9/9
  8246 | D:8      | Reached skill level 1 in Throwing
  8601 | D:8      | Found a staircase to the Lair.
  9038 | D:10     | Entered Level 10 of the Dungeon
  9082 | D:9      | Reached skill level 11 in Axes
  9206 | D:9      | Found a blossoming altar of Fedhas.
  9206 | D:9      | Found a shimmering blue altar of Sif Muna.
  9262 | D:9      | Reached ***** piety under Trog
  9559 | D:10     | Noticed Urug
  9572 | D:10     | Killed Urug
  9782 | D:9      | Identified a scroll of acquirement
  9870 | D:9      | Noticed a two-headed ogre
  9875 | D:9      | Killed a two-headed ogre
  9876 | D:9      | Reached skill level 12 in Axes
 10331 | D:9      | Noticed a brown ugly thing
 10343 | D:9      | Killed a brown ugly thing
 10344 | D:9      | Reached XP level 11. HP: 75/97 MP: 10/10
 10576 | D:11     | Killed an unseen horror
 10576 | D:11     | Received a gift from Trog
 10577 | D:11     | Reached skill level 1 in Polearms
 10577 | D:11     | Got a fading battleaxe {god gift}
 10583 | D:11     | Identified the +5 battleaxe of Circularity {flame, +Fly
                  | rPois Will- Dex-4} (Trog gifted it to you on level 11 of
                  | the Dungeon)
 11083 | D:11     | Killed an unseen horror
 11277 | D:10     | Killed an unseen horror
 11278 | D:10     | Reached skill level 10 in Fighting
 11402 | D:7      | Reached skill level 1 in Evocations
 11408 | D:7      | HP: 7/148 [tengu warrior/the +2 mace "Horale" {flame, rElec
                  | Will- Int+2} (5)]
 11409 | D:7      | HP: 2/148 [tengu warrior/the +2 mace "Horale" {flame, rElec
                  | Will- Int+2} (4)]
 11409 | D:7      | Slain by a tengu warrior

Illustrated notes

Levels and vault maps discovered:
D:1:      eino_arrival_water_cross, layout_loops_ring
D:2:      layout_rooms, marbit_many_paths, uniq_jessica
D:3:      minmay_recursive_quarters, layout_rooms,
          nicolae_overflow_crystal_walls, chequers_ecumenical_altar_simple_redux
D:4:      layout_basic, gammafunk_temple_overflow_pools,
          minmay_temple_entry_overgrown
D:5:      layout_gridville, chequers_ossuary_entry_cave,
          minmay_misc_feat_ornament, skrybe_limestone_x, minmay_misc_feat_x
D:6:      layout_loops_cross, general_overflow_altar,
          grunt_dithmenos_smoke_and_mirrors, uniq_pikel
D:7:      layout_loops_ring, doesnt_xom_only_xom,
          gammafunk_ghost_wrathful_warriors, uniq_menkaure
D:8:      layout_loops_ring, erik_lair_dragon, basic_altar,
          nicolae_ru_great_annihilating_truth, uniq_maurice
D:9:      layout_stronghold, grunt_temple_overflow_open, serial_bayou,
          serial_bayou_pond_b, serial_bayou_shore_b, serial_bayou_lagoon_a,
          serial_bayou_pond_a, chequers_serial_rivers_marsh
D:10:     layout_long_grid, uniq_urug
D:11:     layout_cave_pods, serial_glass, glass_columns_a, glass_columns_b
Temple:   oiseaux_autumnal_temple

Skill      XL: |  1  2  3  4  5  6  7  8  9 10 11 |
---------------+----------------------------------+-----
Axes           | 4 5 7 10 12 | 12.6
Fighting       | 4 5 6 7 8 9 10 | 10.0
Armour         | 3 4 6 8 9 |  9.2
Dodging        | 3 4 5 |  5.8
Short Blades   | 3 6 |  6.9
Shields        | 1 3 |  3.3
Stealth        | 1 2 3 |  3.4
Throwing       | 1 |  1.4
Polearms       | 3 |  3.2
Evocations     | 1 |  1.0
Slings         | |  0.6

Action                   |  1- 3 |  4- 6 |  7- 9 | 10-12 || total
-------------------------+-------+-------+-------+-------++-------
Melee: Hand axe          |    54 |    93 |       |       ||   147
       Headbutt          |     8 |    22 |    34 |    35 ||    99
       Rapier            |       |     6 |   121 |       ||   127
       War axe           |       |       |   121 |    93 ||   214
       Demon trident     |       |       |       |    20 ||    20
       Battleaxe         |       |       |       |    48 ||    48
 Fire: Hunting sling     |       |       |       |     6 ||     6
Throw: Dart              |       |       |     7 |       ||     7
Invok: Trog's Hand       |       |     1 |     2 |     1 ||     4
       Berserk           |       |     1 |     1 |     3 ||     5
       Brothers in Arms  |       |       |     1 |       ||     1
 Abil: Evoke Flight      |       |       |       |     4 ||     4
       Stop Flying       |       |       |       |     2 ||     2
  Use: Scroll            |       |       |       |    10 ||    10
 Stab: Sleeping          |       |       |     3 |       ||     3
Armor: Ring mail         |    28 |     4 |       |       ||    32
       Scale mail        |       |     6 |       |       ||     6
       Chain mail        |       |    38 |    38 |     6 ||    82
       Robe              |       |     3 |    19 |       ||    22
       Plate armour      |       |       |       |    99 ||    99
Dodge: Dodged            |    49 |    53 |   119 |    75 ||   296
Block: Other             |       |    17 |    58 |    20 ||    95
       Reflection        |       |     1 |     2 |     2 ||     5
       Buckler           |       |       |       |    27 ||    27

Table legend: (Time is in decaauts)
 A = Elapsed time spent in this place.
 B = Non-inter-level travel time spent in this place.
 C = Inter-level travel time spent in this place.
 D = Time resting spent in this place.
 E = Time spent auto-exploring this place.
 F = Levels seen in this place.
 G = Mean time per level.
                   A        B        C        D        E       F      G
               +--------+--------+--------+--------+--------+-----+--------+
         Total |  11602 |  10316 |   1286 |    660 |   6800 |  13 |  892.5 |
       Dungeon |  11000 |   9767 |   1233 |    660 |   6398 |  11 | 1000.0 |
        Temple |    424 |    372 |     52 |      0 |    276 |   1 |  424.0 |
       Ossuary |    176 |    176 |      0 |      0 |    125 |   1 |  176.0 |
               +--------+--------+--------+--------+--------+-----+--------+

Top non-repeatable levels by time:
     D:8: 1606 daAuts
     D:9: 1473 daAuts
     D:5: 1343 daAuts
     D:6: 1191 daAuts
     D:4: 1143 daAuts
     D:7: 1078 daAuts
     D:3: 931 daAuts
     D:1: 806 daAuts
     D:2: 793 daAuts
    D:10: 528 daAuts
  Temple: 424 daAuts
 Ossuary: 176 daAuts
    D:11: 104 daAuts
